Map: 이페머론 - 래더

Players

Impact - Winner!

  • Race: Zerg Zerg
  • League: Grandmaster
  • Spawn Location: 5:00

TSGDynaMite (DynaMite)

  • Race: Terran Terran
  • League: Master
  • Spawn Location: 11:00

VOD

Have the link to the VOD?

Description

Time

  • Played on: Jan. 15, 2020, 6:51 a.m.
  • Length: 23:25
Show
View Real Time Build Order
Export as new Build Order

Impact Zerg - Winner!

Build Orders: Pool First 

Get SALT Encoding   

  12  0:00  Drone  
  13  0:12  Overlord  
  13  0:17  Drone  
  14  0:30  Drone x2  
  14  0:35  Drone  
  17  0:44  Extractor  
  17  0:46  Spawning Pool  
  17  0:49  Drone  
  16  0:56  Drone  
  17  1:07  Drone  
  18  1:19  Hatchery  
  18  1:23  Drone  
  19  1:32  Zergling x2  
  19  1:37  Queen  
  21  1:45  Metabolic Boost  
  21  1:51  Overlord  
  22  1:54  Zergling x2  
  22  2:10  Drone  
  22  2:11  Drone  
  22  2:13  Queen  
  26  2:23  Drone  
  27  2:33  Drone  
  27  2:34  Queen  
  27  2:36  Drone  
  30  2:42  Drone  
  30  2:43  Drone  
  32  2:46  Overlord  
  32  2:48  Drone x2  
  34  2:54  Drone  
  35  3:11  Hatchery, Pneumatized Carapace  
  34  3:18  Drone  
  34  3:19  Drone x2  
  37  3:21  Drone x2  
  37  3:26  Overlord  
  39  3:28  Drone  
  39  3:29  Drone  
  39  3:31  Drone  
  42  3:36  Drone  
  43  3:44  Queen  
  43  3:46  Drone x2  
  43  3:47  Zergling x2  
  43  3:48  Zergling x4  
  50  3:52  Drone  
  51  3:58  Overlord  
  51  4:06  Extractor, Evolution Chamber  
  51  4:07  Drone, Evolution Chamber  
  51  4:08  Drone  
  51  4:09  Drone  
  51  4:11  Spore Crawler  
  51  4:12  Zergling x2  
  51  4:14  Overlord  
  51  4:17  Zergling x4  
  51  4:19  Drone x2  
  55  4:25  Drone  
  55  4:26  Queen  
  55  4:30  Drone  
  59  4:35  Drone x3  
  59  4:37  Zerg Melee Weapons Level 1  
  62  4:39  Zerg Ground Armor Level 1  
  62  4:42  Drone  
  62  4:45  Drone  
  64  4:47  Overlord  
  64  4:48  Overlord  
  64  4:50  Drone  
  65  4:55  Overlord  
  61  5:08  Zergling x4  
  61  5:09  Queen  
  61  5:10  Lair  
  61  5:11  Drone  
  61  5:12  Drone  
  61  5:13  Drone x2  
  69  5:17  Drone  
  69  5:19  Drone x5  
  75  5:22  Baneling Nest  
  75  5:27  Extractor, Drone  
  74  5:28  Extractor  
  74  5:33  Hatchery, Drone  
  74  5:34  Drone x2  
  74  5:45  Drone x5  
  74  5:46  Drone  
  80  5:51  Zergling x8  
  82  5:57  Spore Crawler  
  82  5:58  Drone  
  82  6:03  Drone x2  
  82  6:09  Zergling x10  
  88  6:14  Centrifical Hooks  
  88  6:15  Zergling x2, Hatchery  
  88  6:16  Baneling  
  88  6:17  Baneling x3  
  88  6:19  Zergling x4  
  88  6:25  Overlord  
  90  6:28  Baneling x2  
  90  6:29  Baneling x4  
  90  6:34  Overlord  
  90  6:35  Overlord  
  90  6:40  Baneling x2  
  90  6:44  Queen  
  88  6:48  Zergling x18  
  88  6:51  Baneling x2  
  88  6:53  Drone x5  
  100  6:54  Extractor  
  100  6:56  Hydralisk Den, Drone, Zerg Melee Weapons Level 2  
  100  6:58  Zergling x6  
  100  7:00  Zergling x2  
  103  7:01  Zergling x4  
  103  7:04  Zergling x4  
  103  7:06  Overseer, Baneling x2  
  107  7:09  Zergling x6  
  107  7:13  Baneling x3  
  110  7:21  Drone x2  
  110  7:22  Overlord x2  
  112  7:24  Baneling  
  112  7:26  Overlord x2  
  112  7:35  Zergling x2, Zerg Ground Armor Level 2  
  112  7:36  Zergling x8  
  117  7:39  Extractor  
  117  7:40  Drone  
  117  7:41  Drone x3  
  118  7:45  Drone  
  118  7:46  Drone x2  
  118  7:49  Drone x4  
  124  7:55  Zergling x2  
  123  8:02  Zergling x6  
  123  8:03  Spore Crawler  
  123  8:05  Zergling x6  
  127  8:09  Grooved Spines, Hydralisk x5  
  127  8:12  Zergling x2  
  134  8:16  Baneling  
  134  8:17  Hydralisk  
  136  8:20  Drone  
  136  8:23  Hydralisk x2  
  136  8:26  Overlord  
  141  8:28  Drone  
  141  8:29  Hatchery  
  141  8:32  Drone  
  141  8:39  Infestation Pit  
  140  8:41  Zergling x2, Overlord  
  140  8:42  Baneling  
  140  8:43  Baneling x3  
  140  8:46  Drone x6  
  149  8:51  Hydralisk  
  149  8:53  Overseer  
  148  8:55  Overlord  
  148  8:56  Overlord x3  
  148  8:59  Zergling x2  
  148  9:03  Drone x4  
  148  9:04  Hydralisk x2  
  148  9:06  Zergling x2  
  148  9:08  Hydralisk x2  
  157  9:11  Overlord  
  154  9:20  Hydralisk x6, Muscular Augments  
  154  9:21  Zergling x2  
  154  9:24  Hydralisk  
  162  9:25  Zergling x2  
  162  9:26  Zergling x2  
  162  9:30  Hydralisk  
  162  9:31  Zergling x2  
  165  9:33  Hive, Overlord  
  165  9:34  Zergling x4  
  165  9:35  Drone  
  165  9:36  Extractor  
  165  9:37  Zergling x2, Overseer  
  165  9:38  Hydralisk  
  163  9:39  Zergling x2  
  163  9:41  Burrow  
  163  9:43  Zergling x6  
  163  9:44  Hydralisk  
  165  9:47  Hydralisk  
  165  9:48  Zergling x4  
  165  9:51  Zergling x6  
  164  9:58  Spire, Drone x2  
  164  9:59  Drone x2  
  166  10:01  Zergling x2, Extractor  
  166  10:02  Zergling x4  
  166  10:03  Zergling x2  
  166  10:04  Zergling x2  
  169  10:07  Zergling x6  
  169  10:14  Zergling x14  
  175  10:20  Zergling x8  
  175  10:21  Zergling x2  
  184  10:22  Spore Crawler, Drone  
  184  10:24  Zergling x4  
  184  10:26  Zerg Missile Weapons Level 1  
  186  10:28  Drone  
  186  10:30  Zergling x2, Spine Crawler, Overlord  
  186  10:31  Zergling x2  
  186  10:33  Zergling x2, Overseer  
  186  10:34  Zergling x2  
  190  10:35  Zergling x2  
  190  10:36  Zergling x2  
  190  10:38  Zergling x6  
  197  10:57  Viper  
  197  10:58  Viper  
  197  10:59  Spore Crawler  
  197  11:01  Zerg Ground Armor Level 3  
  197  11:02  Ultralisk Cavern  
  199  11:14  Greater Spire  
  199  11:16  Baneling x12  
  199  11:44  Zergling x2  
  199  11:45  Hatchery  
  198  11:53  Chitinous Plating, Pathogen Glands  
  198  11:54  Hatchery  
  195  12:03  Baneling x8  
  195  12:08  Zergling x38  
  184  12:09  Zergling x8, Overlord  
  184  12:10  Overlord  
  184  12:15  Zergling x14  
  195  12:17  Baneling x5  
  195  12:21  Zerg Melee Weapons Level 3  
  188  12:25  Zergling x2  
  188  12:26  Zergling x14, Overlord  
  193  12:39  Adrenal Glands  
  193  12:40  Zerg Flyer Weapons Level 1  
  189  12:47  Zergling x16  
  189  12:48  Zergling x4, Hatchery  
  198  12:54  Overlord  
  198  13:05  Zergling x8  
  197  13:07  Baneling x9  
  197  13:12  Anabolic Synthesis  
  200  13:16  Baneling  
  200  13:17  Baneling x6  
  199  13:22  Spore Crawler  
  199  13:23  Spine Crawler x2  
  199  13:24  Drone x2  
  199  13:26  Extractor, Drone x2  
  199  13:27  Nydus Network x2  
  199  13:29  Zergling x2  
  193  13:42  Zergling x10  
  199  13:54  Zergling x4  
  200  13:56  Zerg Missile Weapons Level 2  
  198  14:08  Zergling x4  
  196  14:10  Queen  
  189  14:17  Zergling x2, Ultralisk  
  189  14:18  Zergling x6  
  199  14:27  Zergling x4  
  198  14:38  Ultralisk x2  
  198  14:39  Zergling x4  
  198  14:40  Zergling x2  
  198  14:43  Ultralisk  
  198  14:44  Ultralisk  
  194  14:51  Zergling x2, Ultralisk  
  194  14:52  Zergling x2  
  195  14:58  Zergling x8, Ultralisk  
  195  15:04  Drone  
  195  15:05  Zergling x2, Ultralisk  
  195  15:06  Zergling x6  
  198  15:11  Zergling x2  
  198  15:12  Baneling x3  
  198  15:13  Baneling x14  
  187  15:41  Infestor x3  
  167  15:43  Zergling x32, Ultralisk x2  
  167  15:44  Zergling x6  
  167  15:45  Zergling x4  
  167  15:47  Overseer  
  193  15:55  Corruptor x3, Zerg Flyer Armor Level 1  
  199  16:10  Nydus Canal x2  
  198  16:16  Baneling x3  
  198  16:17  Baneling x4  
  198  16:19  Zergling x4  
  196  16:31  Zergling x6, Ultralisk  
  200  16:37  Nydus Canal x2  
  197  16:40  Zergling x4  
  197  16:52  Corruptor  
  197  16:54  Overlord  
  199  17:00  Baneling x2  
  199  17:03  Hatchery  
  198  17:12  Baneling x8  
  198  17:17  Corruptor  
  196  17:25  Nydus Canal  
  196  17:28  Zergling x10  
  198  17:46  Zergling x4  
  200  17:53  Zerg Flyer Weapons Level 2  
  190  18:13  Overlord x2  
  190  18:14  Corruptor, Overseer x2, Overlord  
  190  18:15  Corruptor x3  
  190  18:17  Zergling x4, Ultralisk x2  
  190  18:18  Zergling x34  
  200  18:32  Spore Crawler x2  
  194  18:41  Hatchery  
  189  18:43  Drone x3  
  189  18:45  Corruptor  
  189  18:47  Zergling x2, Ultralisk x2  
  189  18:48  Zergling x14  
  194  18:52  Baneling x6  
  194  18:53  Zergling x2  
  194  18:54  Zergling x4  
  193  18:56  Zergling x2  
  193  18:57  Zergling x2  
  193  18:58  Queen x3  
  188  19:03  Zergling x6, Ultralisk  
  188  19:08  Zergling x4, Overseer, Ultralisk x2  
  188  19:09  Overseer  
  194  19:10  Nydus Canal x2  
  194  19:15  Zergling x6, Ultralisk  
  192  19:18  Baneling x9  
  192  19:19  Zergling x4, Ultralisk  
  192  19:21  Ultralisk  
  192  19:23  Zergling x2, Ultralisk  
  171  19:25  Zergling x2  
  171  19:27  Zergling x2, Ultralisk  
  160  19:31  Zergling x4  
  160  19:33  Baneling x8  
  160  19:34  Zergling x4  
  160  19:37  Drone x3  
  166  19:48  Baneling x6  
  166  20:04  Zergling x16, Ultralisk  
  166  20:05  Zergling x14, Drone  
  188  20:14  Zergling x8  
  189  20:15  Infestor, Baneling x3  
  189  20:16  Baneling  
  189  20:18  Zergling x6  
  197  20:21  Overlord x2  
  197  20:23  Overseer x2  
  197  20:27  Overlord  
  194  20:29  Overlord  
  194  20:30  Overlord x2  
  194  20:32  Overlord  
  194  20:33  Infestor  
  189  20:35  Zergling x2  
  189  20:36  Zergling x2  
  189  20:37  Overlord  
  191  20:50  Zergling x2  
  191  20:51  Zergling x14  
  191  20:52  Baneling x9  
  191  20:53  Extractor  
  191  20:54  Extractor  
  197  20:58  Extractor  
  197  20:59  Zergling x2  
  197  21:00  Zergling x6  
  197  21:03  Overseer x2  
  197  21:04  Overseer  
  195  21:22  Drone x2  
  195  21:27  Zergling x8  
  194  21:35  Zergling x6, Ultralisk x2  
  173  21:43  Zergling x30  
  176  21:51  Zergling x2, Ultralisk  
  182  21:58  Hatchery  
  178  22:06  Infestor  
  178  22:08  Zergling x2  
  178  22:09  Zergling x10  
  178  22:12  Zergling x6  
  176  22:17  Zergling x6  
  176  22:22  Overseer  
  176  22:32  Corruptor x2  
  176  22:35  Overlord x2  
  176  22:36  Overseer x2  
  180  22:42  Zergling x14  
  183  22:58  Zergling x8  
  186  23:12  Drone x7  
Show
View Real Time Build Order
Export as new Build Order

TSGDynaMite Terran 

Build Orders: Reaper Expand 

Get SALT Encoding   

  12  0:00  SCV  
  13  0:12  SCV  
  14  0:17  Supply Depot  
  14  0:24  SCV  
  15  0:38  SCV  
  15  0:39  Barracks  
  16  0:44  Refinery  
  16  0:50  SCV  
  17  1:02  SCV  
  18  1:15  SCV  
  19  1:27  Reaper, Orbital Command  
  20  1:39  Command Center  
  20  1:48  Supply Depot  
  20  1:52  SCV  
  21  1:59  Marine  
  22  2:04  SCV  
  22  2:08  Factory  
  23  2:17  SCV  
  23  2:18  Refinery  
  24  2:29  SCV  
  25  2:34  Barracks Reactor  
  24  2:41  SCV  
  25  2:51  Orbital Command  
  25  2:52  Factory Tech Lab  
  25  2:53  SCV  
  26  2:59  Bunker  
  26  3:05  SCV  
  27  3:15  Starport  
  27  3:17  SCV  
  27  3:18  SCV  
  28  3:20  Hellion x2  
  31  3:29  SCV  
  31  3:30  SCV  
  33  3:37  Command Center  
  33  3:42  Hellion x2  
  33  3:45  SCV  
  33  3:47  SCV  
  39  3:52  Viking  
  39  3:54  Marine  
  42  3:57  Stimpack  
  42  3:59  SCV  
  43  4:03  Supply Depot  
  43  4:05  SCV  
  43  4:07  Liberator  
  44  4:13  Marine  
  44  4:14  SCV  
  46  4:17  Factory Tech Lab  
  46  4:25  SCV  
  46  4:26  SCV  
  46  4:29  Supply Depot  
  51  4:38  Barracks  
  54  4:39  Barracks  
  54  4:42  Marine  
  54  4:43  SCV x2  
  54  4:46  Supply Depot  
  54  4:48  Orbital Command  
  54  4:59  SCV  
  53  5:01  Siege Tank  
  53  5:03  SCV  
  53  5:10  Engineering Bay  
  53  5:11  SCV, Engineering Bay  
  53  5:14  Marine, Starport Reactor  
  52  5:15  SCV  
  52  5:18  SCV  
  55  5:22  Refinery  
  55  5:23  SCV, Refinery  
  55  5:26  Barracks Reactor  
  55  5:27  Marine x2, SCV  
  59  5:34  Marine  
  59  5:35  SCV  
  62  5:39  Terran Infantry Weapons Level 1, Terran Infantry Armor Level 1  
  62  5:41  Orbital Command  
  61  5:43  SCV  
  61  5:47  Marine x2, SCV  
  65  5:52  Siege Tank  
  65  5:55  SCV  
  69  5:57  Marine  
  69  5:58  Supply Depot  
  69  5:59  SCV, Supply Depot  
  69  6:00  Supply Depot  
  71  6:05  Barracks  
  71  6:06  Barracks  
  71  6:07  SCV  
  71  6:08  Marine  
  71  6:10  SCV  
  74  6:11  SCV  
  74  6:17  Supply Depot x2  
  74  6:18  Marine x4  
  79  6:19  SCV  
  79  6:22  SCV, Medivac  
  79  6:23  Medivac  
  85  6:27  SCV  
  85  6:28  Combat Shield  
  85  6:31  SCV  
  87  6:34  Factory, Supply Depot  
  87  6:39  SCV  
  88  6:41  SCV  
  88  6:43  Marine x2  
  88  6:49  Marine x3  
  88  6:50  SCV  
  88  6:51  SCV  
  92  6:56  Barracks Reactor x2  
  92  6:57  SCV  
  92  7:00  Marine  
  94  7:03  Refinery  
  94  7:05  Armory  
  94  7:06  Supply Depot  
  94  7:08  Marine x3  
  97  7:09  Siege Tank  
  97  7:10  SCV  
  97  7:11  SCV  
  97  7:12  SCV  
  103  7:19  Factory Reactor  
  103  7:22  SCV, Refinery  
  104  7:23  SCV  
  104  7:24  SCV, Supply Depot x2  
  106  7:32  Marine  
  106  7:34  Marine x8  
  106  7:35  SCV  
  114  7:38  SCV  
  114  7:40  SCV  
  114  7:45  Siege Tank  
  114  7:47  SCV  
  114  7:50  Marine  
  119  7:51  Marine  
  119  7:55  SCV  
  118  8:00  Medivac x2  
  118  8:01  Widow Mine x2  
  118  8:04  SCV  
  126  8:06  Command Center  
  126  8:10  Marine x5  
  127  8:15  Marine  
  130  8:21  Terran Infantry Armor Level 2  
  130  8:22  Terran Vehicle And Ship Armor Level 1  
  128  8:31  Marine x7  
  128  8:32  Drilling Claws  
  128  8:34  Widow Mine x2  
  139  8:38  Medivac x2  
  139  8:41  Widow Mine  
  145  8:45  Marine  
  146  8:51  SCV x2  
  146  8:52  Missile Turret  
  146  8:53  Missile Turret  
  146  8:54  Marine, Sensor Tower  
  149  8:57  Marine  
  149  8:59  Marine x5  
  157  9:09  Marauder  
  152  9:10  Siege Tank  
  152  9:17  Medivac  
  152  9:22  SCV  
  152  9:27  Marine  
  152  9:28  Factory Tech Lab  
  152  9:30  SCV, Marine x5  
  154  9:35  Marine x3  
  154  9:36  SCV x2  
  154  9:42  SCV, Medivac  
  154  9:45  Marine  
  153  9:47  Medivac  
  153  9:48  SCV, Marine x5  
  153  9:51  SCV  
  153  9:52  Marine x2  
  160  9:53  Marauder  
  160  9:56  Engineering Bay  
  163  10:00  Siege Tank x2  
  163  10:03  Marine  
  163  10:06  Marine  
  171  10:10  SCV  
  172  10:33  Terran Infantry Weapons Level 2  
  172  10:34  Supply Depot  
  172  10:35  Marine x7, SCV x2, Medivac x2  
  180  10:36  Marauder  
  180  10:41  SCV  
  180  10:42  Missile Turret  
  188  10:44  Marine  
  188  10:45  Siege Tank x2  
  188  10:47  SCV, Terran Infantry Armor Level 3  
  186  10:53  Marine x3  
  186  10:55  SCV x2  
  189  10:57  Refinery, Marauder  
  189  11:00  SCV  
  189  11:02  Planetary Fortress  
  190  11:04  Marine, Refinery  
  190  11:05  Refinery  
  190  11:07  SCV  
  192  11:13  SCV x2  
  194  11:19  Marauder, Ghost Academy  
  194  11:22  Command Center  
  196  11:27  Supply Depot  
  196  11:40  Terran Vehicle And Ship Armor Level 2  
  196  11:41  Barracks  
  196  11:42  Barracks x2  
  196  11:47  Marine x3, SCV x3, Marauder  
  196  11:54  Marine x3  
  192  12:00  Marine  
  195  12:06  Marine  
  186  12:09  Widow Mine x2, Marauder  
  186  12:11  Liberator x2  
  186  12:13  SCV x2  
  180  12:17  Marine x3  
  180  12:18  Marine x2  
  182  12:22  Marine  
  182  12:24  SCV  
  182  12:25  SCV x2  
  182  12:29  Command Center x2  
  188  12:30  Widow Mine, Marauder  
  188  12:34  Siege Tank  
  188  12:35  Barracks Tech Lab x3  
  190  12:51  Marine x2  
  191  12:52  Siege Tank  
  195  13:04  Ghost x3  
  199  13:07  Sensor Tower  
  199  13:08  Command Center  
  199  13:11  Planetary Fortress  
  195  13:20  Sensor Tower  
  195  13:26  Marine, Marauder  
  197  13:38  Ghost  
  199  13:41  Orbital Command  
  199  13:42  Missile Turret  
  199  13:43  Missile Turret  
  199  13:47  Ghost  
  199  13:48  Ghost  
  197  14:03  Ghost  
  197  14:06  Marine x2  
  195  14:15  Ghost  
  195  14:16  Marine, Ghost x2  
  195  14:17  Marine  
  184  14:18  SCV  
  183  14:25  Marine  
  183  14:29  Widow Mine x2  
  184  14:31  Refinery, Ghost  
  184  14:32  Refinery  
  184  14:34  Medivac x2  
  183  14:44  Ghost x2  
  183  14:45  Marine x8, Ghost  
  177  14:48  SCV x3  
  177  14:51  Command Center x2  
  174  14:56  Terran Infantry Weapons Level 3  
  174  14:57  SCV  
  170  15:00  SCV, Ghost  
  170  15:03  Marine x4  
  177  15:11  Marine x2  
  177  15:13  Ghost  
  185  15:14  Marauder x2, Command Center  
  185  15:19  Missile Turret  
  185  15:21  Missile Turret x2  
  185  15:28  Ghost  
  185  15:34  Ghost x2  
  177  15:41  Ghost  
  177  15:42  Marine x2  
  167  15:43  Marine  
  167  15:49  Command Center  
  170  15:50  SCV x4  
  174  15:57  Sensor Tower, Ghost  
  174  16:01  Marine x2, Sensor Tower  
  174  16:02  Marine  
  174  16:03  Ghost x2  
  174  16:04  Terran Vehicle And Ship Armor Level 3, Command Center, Siege Tank x2  
  189  16:06  Personal Cloaking  
  189  16:10  Marauder  
  191  16:12  Marine  
  191  16:15  Orbital Command  
  192  16:23  Marine  
  192  16:24  Marine  
  186  16:26  Marauder  
  186  16:30  Marine  
  186  16:32  Marauder x3  
  192  16:34  Marine  
  185  16:48  Marauder  
  185  16:52  Refinery  
  185  16:53  Marauder  
  185  16:54  Marauder  
  189  16:56  Refinery  
  189  16:58  Ghost Academy  
  189  16:59  Ghost Academy  
  189  17:00  Ghost Academy  
  189  17:01  Orbital Command  
  189  17:02  Orbital Command  
  189  17:08  Planetary Fortress  
  147  17:22  Medivac x2  
  185  17:28  Nuke x3  
  185  17:29  Ghost x4  
  182  17:30  Marine x3  
  191  17:45  Planetary Fortress  
  190  17:51  Sensor Tower  
  190  17:55  Marine x8  
  190  17:58  Ghost  
  193  18:13  Marine  
  193  18:14  Ghost x2  
  198  18:26  Ghost  
  200  18:30  Nuke  
  200  18:31  Nuke x2  
  200  18:33  Ghost  
  197  18:42  Terran Ship Weapons Level 1, Ghost  
  197  18:46  Marauder  
  197  18:55  Ghost  
  199  19:02  Ghost  
  192  19:05  Marine x4  
  192  19:06  Marine  
  192  19:07  Ghost  
  192  19:08  Medivac  
  172  19:10  Marine  
  172  19:11  Ghost  
  172  19:13  Widow Mine x2  
  172  19:14  Marine x2  
  166  19:22  Marine x2  
  166  19:23  Marine x3, Ghost  
  152  19:28  Marine  
  152  19:31  Ghost  
  151  19:32  Marine  
  151  19:35  Ghost  
  151  19:37  Medivac  
  151  19:38  Medivac  
  160  19:40  Marine x2, Marauder  
  164  19:52  Marauder  
  164  19:58  Marine x2  
  164  19:59  Marine x5  
  169  20:00  Marauder  
  169  20:01  Ghost  
  169  20:04  Ghost  
  169  20:05  Nuke x3  
  172  20:07  Medivac  
  172  20:08  Medivac  
  172  20:11  Missile Turret  
  172  20:13  Ghost  
  178  20:21  Marauder  
  178  20:23  Command Center  
  178  20:24  Missile Turret  
  178  20:28  Sensor Tower  
  178  20:29  Ghost  
  178  20:32  Ghost  
  182  20:36  Marine x3  
  182  20:37  Marine x3, Medivac x2  
  182  20:40  Command Center  
  182  20:42  Ghost x2  
  195  21:01  Ghost x2  
  195  21:02  Marine  
  200  21:15  Ghost  
  195  21:21  Ghost  
  195  21:22  Marine x3  
  199  21:29  Ghost  
  192  21:38  Marine, Marauder  
  158  21:42  Marine x6  
  158  21:43  Medivac x2, Ghost  
  158  21:46  Marine  
  130  21:49  Ghost  
  125  21:55  Marine, Orbital Command  
  125  21:59  Marauder x2  
  125  22:00  Marine  
  114  22:01  Marine  
  114  22:08  Marine x4  
  90  22:12  Marine, Marauder, Orbital Command  
  90  22:13  Medivac  
  90  22:14  Planetary Fortress  
  90  22:18  Medivac  
  90  22:19  Marauder  
  94  22:28  Ghost  
  94  22:29  Marine x3  
  76  22:38  Marine  
  76  22:39  Marine  
  76  22:42  Orbital Command  
  76  22:43  Medivac  
  78  22:48  Orbital Command  
  78  22:56  Marine  
Tags
 
Add a new tag
Caveats
  • Supply blocks, unpowered buildings, or Contaminate may cause inaccurate times.
  • Supply counts are checked every 10 seconds.